Map: Dusk Towers

Players

LindyHop - Winner!

  • Race: Zerg Zerg
  • League: Platinum

thesuperstar

  • Race: Zerg Zerg
  • League: Gold

VOD

Have the link to the VOD?

Description

Time

  • Played on: Jan. 7, 2016, 3:31 p.m.
  • Length: 3:36
Show
View Real Time Build Order
Export as new Build Order

LindyHop Zerg - Winner!

Build Orders: Pool Only 

Get SALT Encoding   

  12  0:01  Drone  
  13  0:08  Drone  
  14  0:18  Extractor  
  14  0:19  Drone  
  14  0:33  Spawning Pool  
  13  0:37  Drone  
  14  0:46  Overlord  
  14  1:06  Drone  
  14  1:07  Drone  
  16  1:20  Metabolic Boost  
  16  1:22  Queen  
  16  1:25  Zergling x2  
  19  1:32  Overlord  
  19  1:40  Zergling x2  
  19  1:41  Zergling x2  
  21  1:49  Baneling Nest  
  20  1:56  Zergling x2  
  21  2:05  Zergling x2  
  22  2:17  Zergling x2  
  23  2:24  Zergling x2  
  24  2:37  Baneling x3  
  24  2:38  Baneling  
  24  2:39  Zergling x2  
  24  2:43  Zergling x2  
  26  2:49  Zergling x2  
  26  2:50  Zergling x2  
  28  2:54  Zergling x2  
  29  3:12  Zergling x2  
Show
View Real Time Build Order
Export as new Build Order

thesuperstar Zerg 

Build Orders: Pool First 

Get SALT Encoding   

  12  0:01  Drone  
  13  0:07  Drone  
  14  0:17  Overlord  
  14  0:35  Drone x3  
  17  0:45  Spawning Pool  
  17  0:48  Extractor  
  15  0:51  Drone  
  16  1:02  Drone  
  17  1:15  Drone  
  18  1:31  Queen  
  21  1:32  Zergling x2  
  21  1:34  Zergling x2  
  22  1:54  Metabolic Boost  
  22  2:10  Hatchery  
  22  2:11  Overlord  
  21  2:17  Zergling x2  
  22  2:29  Queen  
  23  2:39  Drone x2  
  23  2:40  Drone  
  23  2:42  Baneling Nest  
  25  2:52  Zergling x2  
  25  2:53  Zergling x4  
Tags
 
Add a new tag
Caveats
  • Supply blocks, unpowered buildings, or Contaminate may cause inaccurate times.
  • Supply counts are checked every 10 seconds.